Map: [ESL] Altitude

Players

GuMiho - Winner!

  • Race: Terran Terran
  • Spawn Location: 7:00

Cure

  • Race: Terran Terran
  • Spawn Location: 1:00

Event: ESL SC2 Masters 2023 Summer (Finals)

VOD

Have the link to the VOD?

Description

Time

  • Played on: June 18, 2023, 6:57 a.m.
  • Length: 11:40

All games in this series

Show
View Real Time Build Order
Export as new Build Order

GuMiho Terran - Winner!

Build Orders: Reaper Expand 

Get SALT Encoding   

  12  0:00  SCV  
  13  0:12  SCV  
  14  0:17  Supply Depot  
  14  0:24  SCV  
  15  0:38  SCV  
  15  0:40  Barracks  
  16  0:44  Refinery  
  16  0:51  SCV  
  17  1:03  SCV  
  18  1:15  SCV  
  19  1:27  Orbital Command, Reaper  
  20  1:43  Command Center  
  20  1:52  Supply Depot  
  20  1:53  SCV  
  21  2:00  Reaper  
  22  2:05  SCV  
  23  2:18  SCV  
  23  2:21  Factory  
  24  2:30  SCV  
  24  2:33  Marine  
  25  2:42  SCV  
  26  2:50  Command Center  
  26  2:52  Barracks Reactor  
  26  2:55  SCV  
  26  2:58  Orbital Command  
  27  3:06  Hellion  
  27  3:07  SCV  
  30  3:17  Starport  
  30  3:19  SCV  
  31  3:25  SCV  
  32  3:31  SCV  
  33  3:35  Refinery  
  33  3:36  Hellion x2  
  33  3:37  SCV  
  33  3:38  Barracks Tech Lab  
  38  3:41  Refinery  
  38  3:43  SCV  
  39  3:49  SCV  
  39  3:54  Viking  
  42  3:57  Hellion x2  
  42  4:02  SCV x2  
  48  4:04  Orbital Command  
  48  4:11  Supply Depot  
  48  4:14  SCV x2  
  50  4:20  Hellion  
  50  4:21  Refinery  
  50  4:22  Hellion  
  54  4:26  SCV x2  
  56  4:31  Factory  
  56  4:35  Raven  
  59  4:38  SCV x2  
  59  4:42  Supply Depot  
  59  4:44  SCV  
  61  4:49  Barracks Reactor  
  61  4:50  SCV x2  
  63  4:53  Supply Depot  
  63  4:56  SCV  
  63  4:57  Hellion  
  63  4:59  Hellion  
  68  5:04  SCV x2  
  70  5:10  Orbital Command  
  70  5:16  SCV, Supply Depot  
  70  5:17  SCV  
  70  5:20  Bunker  
  70  5:21  Hellion x2  
  76  5:24  Siege Tank  
  79  5:29  Viking  
  79  5:30  Viking  
  84  5:38  Engineering Bay  
  84  5:40  Starport  
  82  5:52  Hellion x2  
  82  5:57  Siege Tank  
  87  5:58  SCV x2  
  87  5:59  Viking  
  82  6:10  Viking  
  80  6:14  SCV, Missile Turret  
  80  6:16  Missile Turret  
  80  6:17  Starport Reactor  
  81  6:21  SCV  
  81  6:22  SCV  
  83  6:26  SCV, Supply Depot  
  83  6:29  Siege Tank  
  87  6:34  Viking  
  87  6:40  Viking  
  82  6:47  Hellion x2  
  82  6:53  Viking x2, Missile Turret  
  88  7:04  Viking  
  88  7:05  Orbital Command, Siege Tank  
  88  7:07  SCV x2  
  91  7:09  Viking  
  93  7:20  Supply Depot  
  91  7:23  Supply Depot  
  91  7:24  Starport  
  91  7:28  Viking  
  93  7:32  Viking  
  95  7:37  Missile Turret, Siege Tank  
  93  7:49  Viking x2  
  95  7:53  Hellion x2  
  88  8:07  Liberator x2  
  88  8:09  Hellion  
  88  8:12  SCV x2  
  98  8:15  Hellion x2, SCV  
  98  8:19  Starport Tech Lab  
  103  8:28  SCV  
  103  8:30  Refinery  
  104  8:36  Viking x2  
  104  8:39  Siege Tank  
  111  8:54  Viking  
  111  8:55  Viking  
  105  9:12  Liberator x2  
  105  9:13  SCV  
  109  9:19  SCV x2  
  111  9:25  SCV  
  112  9:37  SCV  
  111  9:38  Viking x2  
  111  9:43  Hellion, Siege Tank  
  111  9:44  Hellion  
  105  9:55  Viking  
  104  10:02  Viking  
  104  10:05  Hellion x2  
  104  10:06  SCV x3  
  105  10:08  Viking x2  
  109  10:14  Missile Turret  
  109  10:22  SCV x3  
  109  10:25  Viking  
  114  10:30  Refinery  
  114  10:32  Viking  
  116  10:42  Supply Depot  
  116  10:46  Siege Tank  
  116  10:47  Viking  
  117  10:54  Viking  
  115  10:58  Viking  
  115  11:03  Viking  
Show
View Real Time Build Order
Export as new Build Order

Cure Terran 

Build Orders:  

Get SALT Encoding   

  12  0:00  SCV  
  13  0:12  SCV  
  14  0:17  Supply Depot  
  14  0:24  SCV  
  15  0:38  SCV  
  15  0:39  Barracks  
  16  0:43  Refinery  
  16  0:50  SCV  
  16  0:53  Refinery  
  17  1:03  SCV  
  18  1:15  SCV  
  19  1:26  Reaper  
  19  1:27  Orbital Command  
  19  1:29  Supply Depot  
  20  1:41  Factory  
  20  1:52  SCV  
  21  1:59  Reaper  
  22  2:05  SCV  
  23  2:15  Command Center  
  23  2:18  SCV  
  24  2:24  Hellion  
  26  2:30  SCV  
  26  2:32  Barracks Reactor  
  26  2:42  Starport, SCV  
  27  2:47  Factory Tech Lab  
  27  2:53  Supply Depot  
  27  2:54  SCV  
  28  3:08  Marine x2, SCV  
  28  3:12  Factory Tech Lab  
  31  3:20  SCV  
  31  3:24  Refinery  
  31  3:26  Raven  
  34  3:31  Cyclone  
  34  3:33  SCV  
  38  3:37  Orbital Command  
  38  3:40  Marine  
  39  3:42  Marine  
  39  3:45  SCV  
  41  3:57  SCV  
  41  4:01  Supply Depot  
  41  4:02  Raven  
  44  4:06  SCV  
  44  4:09  SCV  
  46  4:11  Siege Tank  
  46  4:12  Marine  
  46  4:14  Marine  
  51  4:18  SCV  
  51  4:21  Supply Depot  
  51  4:22  SCV  
  53  4:30  SCV  
  54  4:31  Marine  
  54  4:32  Marine  
  54  4:34  SCV  
  59  4:38  Raven  
  59  4:43  SCV  
  59  4:44  Supply Depot  
  60  4:46  SCV, Siege Tank  
  60  4:51  Marine x2  
  66  4:54  Supply Depot  
  66  4:55  SCV  
  66  4:58  SCV  
  68  5:03  Supply Depot  
  68  5:07  SCV  
  68  5:10  SCV  
  70  5:18  Siege Tank  
  73  5:23  Marine  
  73  5:24  Viking x2  
  73  5:26  SCV  
  73  5:27  SCV, Refinery, Supply Depot  
  80  5:38  SCV  
  80  5:39  SCV  
  80  5:41  Marine  
  77  5:50  SCV, Siege Tank  
  77  5:51  SCV  
  78  6:02  Marine, SCV  
  78  6:03  SCV, Viking x2  
  77  6:15  SCV x2  
  79  6:20  Marine  
  79  6:22  Siege Tank  
  83  6:27  SCV  
  83  6:28  SCV  
  85  6:33  Viking x2  
  85  6:39  SCV  
  88  6:40  SCV, Marine  
  86  6:51  SCV  
  86  6:52  SCV  
  85  7:03  SCV, Siege Tank  
  85  7:04  SCV  
  85  7:07  Viking x2  
  93  7:15  Marine  
  93  7:16  SCV x2  
  94  7:28  SCV x2  
  96  7:33  Marine  
  97  7:42  SCV x2  
  95  7:46  Viking x2, Siege Tank  
  100  7:52  Marine  
  95  8:04  SCV  
  95  8:05  SCV  
  75  8:16  Marine, Viking x2  
  75  8:17  Barracks  
  75  8:18  Barracks  
  80  8:20  Siege Tank  
  80  8:22  SCV  
  80  8:24  SCV  
  85  8:36  Marine  
  85  8:37  SCV x2  
  87  8:49  SCV x2  
  87  8:50  Starport x2  
  87  8:52  Viking x2  
  92  8:56  Marine  
  92  8:58  Siege Tank  
  96  9:05  SCV x2  
  92  9:16  Barracks Tech Lab  
  88  9:17  Barracks Reactor  
  88  9:18  Marine  
  88  9:19  SCV  
  88  9:20  SCV  
  88  9:22  Viking x2  
  95  9:28  Viking  
  95  9:29  Marine  
  95  9:30  Siege Tank  
  101  9:37  SCV x2  
  90  9:38  Marine  
  74  9:49  SCV  
  74  9:52  Viking  
  70  9:59  Viking  
  69  10:15  Liberator  
  69  10:20  Marine x2  
  74  10:24  Siege Tank  
  77  10:29  Viking  
  77  10:32  Marine  
  80  10:37  Marine  
  81  10:43  Marine  
  81  10:45  Viking  
  81  10:48  Viking  
  86  10:58  Viking  
  86  11:01  Viking  
  81  11:11  Marine x3  
Tags
 
Add a new tag
Caveats
  • Supply blocks, unpowered buildings, or Contaminate may cause inaccurate times.
  • Supply counts are checked every 10 seconds.